 Dungeon Crawl Stone Soup version 0.20.1 (webtiles) character file.

13930 theBrain the Severer (level 11, -3/105 HPs)
             Began as a Minotaur Berserker on July 2, 2017.
             Was a High Priest of Trog.
             Slain by a troll (5 damage)
             ... on level 10 of the Dungeon.
             The game lasted 00:24:57 (10760 turns).

theBrain the Severer (Minotaur Berserker)          Turns: 10760, Time: 00:24:58

Health: -3/105     AC: 13    Str: 21    XL:     11   Next: 82%
Magic:  0/10       EV: 12    Int:  4    God:    Trog [*****.]
Gold:   405        SH:  0    Dex: 14    Spells: 10/10 levels left

rFire    . . .     SeeInvis +   Z - +0 hand axe (flame)
rCold    + . .     Gourm    .   (no shield)
rNeg     . . .     Faith    .   d - +2 ring mail {rC+}
rPois    .         Spirit   +   (helmet restricted)
rElec    .         Reflect  .   J - +1 cloak
rCorr    .         Harm     .   y - +0 pair of gloves
MR       .....                  (no boots)
Stlth    +.........             q - amulet of guardian spirit
Regen    0.3/turn               x - ring of flight
MPRegen  0.2/turn               P - ring of see invisible

@: berserk cooldown, slowed, very slow
A: retaliatory headbutt, horns 2
a: Berserk, Trog's Hand, Brothers in Arms, Burn Spellbooks, Renounce Religion,
Evoke Flight


You were on level 10 of the Dungeon.
You worshipped Trog.
Trog was extremely pleased with you.
You were not hungry.

You visited 1 branch of the dungeon, and saw 10 of its levels.

You collected 624 gold pieces.
You spent 219 gold pieces at shops.

Inventory:

Hand Weapons
 b - a +0 war axe
 B - a +0 battleaxe
 Z - a +0 hand axe of flaming (weapon)
Missiles
 i - a throwing net (quivered)
 Y - 6 javelins
Armour
 a - a +0 plate armour
 d - a +2 ring mail of cold resistance (worn)
 y - a +0 pair of gloves (worn)
 J - a +1 cloak (worn)
Jewellery
 q - an amulet of guardian spirit (around neck)
 x - a ring of flight (left hand)
 D - the ring of Boojuof {Fire rPois}
   (You bought it in a shop on level 6 of the Dungeon)

   [ring of fire]

   It enhances your fire magic.
   It protects you from fire.
   It makes you vulnerable to cold.
   It protects you from poison.
 P - a ring of see invisible (right hand)
 Q - a +4 amulet of reflection {unknown}
 R - a cursed amulet of inaccuracy {unknown}
 V - an uncursed amulet of the gourmand {unknown}
Wands
 o - a wand of lightning (9/15)
 E - a wand of digging (24/24)
 G - a wand of lightning (9/15)
 O - a wand of confusion (25/48)
 U - a wand of paralysis (9/24)
Scrolls
 h - 2 scrolls of teleportation
 l - a scroll of random uselessness {unknown}
 w - 4 scrolls of blinking
 z - 4 scrolls of identify
 C - 5 scrolls of remove curse
 F - 3 scrolls of fear
 L - 2 scrolls of immolation
 M - a scroll of brand weapon
 S - 4 scrolls of recharging
 X - a scroll of magic mapping
Potions
 e - 2 potions of haste {unknown}
 g - 3 potions of lignification
 j - 3 potions of heal wounds {unknown}
 m - 2 potions of might {unknown}
 n - 3 potions of berserk rage {unknown}
 p - 2 potions of degeneration {unknown}
 s - a potion of curing
 t - a potion of mutation
 v - a potion of brilliance {unknown}
 A - a potion of magic {unknown}
 H - a potion of ambrosia {unknown}
 I - a potion of flight {unknown}
 K - a potion of resistance {unknown}
 N - 2 potions of agility {unknown}
Comestibles
 c - 3 bread rations
 f - 16 fruits
 k - 5 meat rations
 r - 5 chunks of flesh
 u - 8 royal jellies


   Skills:
 + Level 12.3 Fighting
 - Level 15.0 Axes
 + Level 12.1 Armour
 - Level 2.1 Dodging


You had 10 spell levels left.
You didn't know any spells.

Dungeon Overview and Level Annotations

Branches:
Dungeon (10/15)            Temple (0/1) D:5            Lair (0/6) D:9
    Orc: D:9-12

Altars:
Beogh

Shops:
D:4 %   D:6 ?*}(*   D:8 *


Innate Abilities, Weirdness & Mutations

You reflexively headbutt those who attack you in melee.
You have a pair of horns on your head.


Message History

an uncursed shortbow; 16 arrows It was a potion of curing.
You feel better. The troll completely misses you. The troll misses you.
The troll claws you but does no damage. The troll bites you.
* * * LOW HITPOINT WARNING * * *
The troll barely misses you. The troll claws you!
* * * LOW HITPOINT WARNING * * *
You barely miss the troll.
The troll is severely wounded.
The troll bites you but does no damage. The troll claws you!
* * * LOW HITPOINT WARNING * * *
The troll claws you.
* * * LOW HITPOINT WARNING * * *
Unknown command.
You feel better. The troll bites you!
* * * LOW HITPOINT WARNING * * *
The troll claws you.
* * * LOW HITPOINT WARNING * * *
The troll claws you.
You die...

#)#.###
#.....[.....#
.)#...#
#########.###
####.## #...#
.....# ##.###
'#######
###..#
.......#
#<..##
.......#
#.###
.......#
#####(#######
.......#
#....@[.....#
.......#
#....T......#
.......+
#...........#
.......#
+...........#
##+#####
#...........#
#..........>#
########'####
$# ##


You could see a troll.

Vanquished Creatures
  Snorg (D:10)
  A hydra (D:8)
  2 two-headed ogres
  The ghost of vishdafish the Blocker, a novice FoFi of Cheibriados (D:8)
  Nergalle (D:10)
  The ghost of vishdafish the Shield-Bearer, a novice FoFi of Uskayaw (D:6)
  A troll (D:10)
  2 dream sheep (D:8)
  Sigmund (D:3)
  12 yaks
  A wyvern (D:8)
  2 wargs (D:9)
  An acid dragon (D:9)
  Menkaure (D:4)
  A water moccasin (D:9)
  5 orc warriors
  3 ice beasts
  3 sky beasts
  2 black bears
  A necrophage (D:7)
  7 ogres
  4 phantoms
  8 centaurs
  A crocodile (D:10)
  3 big kobolds (D:8)
  7 bullfrogs
  A wyvern zombie (D:9)
  A water moccasin zombie (D:8)
  2 scorpions
  10 killer bees
  7 howler monkeys
  7 crimson imps
  A centaur zombie (D:6)
  6 hounds
  A quasit (D:9)
  A jelly (D:7)
  4 bullfrog skeletons
  6 orc priests
  2 centaur skeletons
  3 iguanas
  8 orc wizards
  6 worker ants
  2 hound skeletons (D:4)
  2 howler monkey zombies
  A worker ant zombie (D:8)
  16 adders
  4 gnolls
  A howler monkey skeleton (D:9)
  5 shadow imps
  2 oozes (D:4)
  An adder skeleton (D:8)
  2 worms
  2 dart slugs
  5 leopard geckos
  49 orcs
  5 ball pythons
  7 bats
  4 giant cockroaches
  5 goblins
  7 hobgoblins
  7 jackals
  2 quokkas
  3 frilled lizards
  A jackal zombie (D:6)
  7 kobolds
  A leopard gecko skeleton (D:4)
  A leopard gecko zombie (D:5)
  6 rats
287 creatures vanquished.

Notes
Turn   | Place    | Note
-------+----------+-------------------------------------------
     0 | D:1      | theBrain the Minotaur Berserker began the quest for the Orb.
     0 | D:1      | Reached XP level 1. HP: 19/19 MP: 0/0
   221 | D:1      | Reached skill level 4 in Axes
   252 | D:1      | Reached XP level 2. HP: 23/26 MP: 1/1
   901 | D:2      | Reached skill level 5 in Axes
   915 | D:2      | Reached XP level 3. HP: 24/31 MP: 2/2
  1553 | D:3      | Noticed Sigmund
  1562 | D:3      | Killed Sigmund
  1562 | D:3      | Reached skill level 7 in Axes
  1562 | D:3      | Reached XP level 4. HP: 39/39 MP: 3/3
  1562 | D:3      | Reached XP level 5. HP: 45/45 MP: 4/4
  1799 | D:3      | Reached ** piety under Trog
  2106 | D:3      | Reached skill level 8 in Axes
  2214 | D:3      | Reached XP level 6. HP: 51/51 MP: 5/5
  2947 | D:4      | Reached skill level 9 in Axes
  3045 | D:4      | Reached XP level 7. HP: 23/57 MP: 2/6
  3229 | D:4      | Reached skill level 10 in Axes
  3334 | D:4      | Reached *** piety under Trog
  3591 | D:4      | Noticed Menkaure
  3598 | D:4      | Killed Menkaure
  3811 | D:4      | Found Davin's Food Shop.
  3840 | D:4      | Reached skill level 11 in Axes
  4051 | D:5      | Entered Level 5 of the Dungeon
  4065 | D:5      | Reached XP level 8. HP: 47/64 MP: 4/7
  4442 | D:5      | Reached skill level 12 in Axes
  4694 | D:5      | Found a staircase to the Ecumenical Temple.
  5213 | D:6      | Found Ylunoxke's Assorted Antiques.
  5254 | D:6      | Found Pocrae's Antique Weapon Shop.
  5261 | D:6      | Reached skill level 13 in Axes
  5264 | D:6      | Found Roaczaos's Assorted Antiques.
  5290 | D:6      | Bought a sparkling jade ring for 105 gold pieces
  5290 | D:6      | Bought a scroll labeled VYUKHEO JUFRU for 21 gold pieces
  5290 | D:6      | Bought a scroll labeled KUBLUDGH LISIPEIMA for 21 gold pieces
  5290 | D:6      | Identified the ring of Boojuof {Fire rPois} (You bought it in a shop on level 6 of the Dungeon)
  5440 | D:6      | Reached **** piety under Trog
  5653 | D:6      | Reached XP level 9. HP: 46/70 MP: 6/8
  5818 | D:6      | Found Ufomuc's Gadget Shop.
  5839 | D:6      | Found Xotruk's Magic Scroll Emporium.
  5839 | D:6      | Noticed vishdafish's ghost (novice FoFi)
  5855 | D:6      | Killed vishdafish's ghost
  5855 | D:6      | Reached skill level 14 in Axes
  5923 | D:6      | Reached skill level 15 in Axes
  6636 | D:7      | Reached skill level 5 in Fighting
  6783 | D:7      | Reached skill level 5 in Armour
  7124 | D:7      | Reached ***** piety under Trog
  7171 | D:7      | Reached XP level 10. HP: 57/83 MP: 6/9
  7489 | D:8      | Noticed vishdafish's ghost (novice FoFi)
  7501 | D:8      | Killed vishdafish's ghost
  7710 | D:8      | Noticed a two-headed ogre
  7720 | D:8      | Killed a two-headed ogre
  7826 | D:8      | Found Esonlit's Assorted Antiques.
  7836 | D:8      | Bought a scroll labeled IDYIVI UMPENG for 36 gold pieces
  7836 | D:8      | Bought a scroll labeled MUURUQ MUTUUFF for 36 gold pieces
  8062 | D:8      | Noticed a two-headed hydra
  8069 | D:8      | Killed a six-headed hydra
  8222 | D:8      | Reached skill level 10 in Fighting
  8224 | D:8      | Reached XP level 11. HP: 75/98 MP: 7/10
  8729 | D:9      | Reached skill level 10 in Armour
  9066 | D:9      | Found a staircase to the Lair.
  9224 | D:9      | Received a gift from Trog
  9577 | D:9      | Noticed a two-headed ogre
  9586 | D:9      | Killed a two-headed ogre
  9757 | D:10     | Entered Level 10 of the Dungeon
 10210 | D:10     | Found a roughly hewn altar of Beogh.
 10397 | D:10     | Noticed Nergalle
 10413 | D:10     | Killed Nergalle
 10722 | D:10     | Noticed Snorg
 10737 | D:10     | Killed Snorg
 10759 | D:10     | HP: 3/105 [troll (9)]
 10760 | D:10     | Slain by a troll

Skill      XL: |  1  2  3  4  5  6  7  8  9 10 11 |
---------------+----------------------------------+-----
Axes           | 4 5 7 8 9 11 13 15 | 15.0
Fighting       | 6 10 12 | 12.3
Armour         | 5 9 12 | 12.1
Dodging        | |  2.1

Action                   |  1- 3 |  4- 6 |  7- 9 | 10-12 || total
-------------------------+-------+-------+-------+-------++-------
Melee: Hand axe          |    78 |   108 |   314 |   381 ||   881
       Headbutt          |    15 |    20 |    74 |    84 ||   193
Invok: Berserk           |     1 |     2 |     7 |    12 ||    22
       Burn Spellbooks   |       |     1 |     3 |       ||     4
  Use: Scroll            |     7 |       |     4 |     4 ||    15
       Potion            |       |       |       |     2 ||     2
  Eat: Chunk             |     2 |     7 |    12 |    16 ||    37
       Bread ration      |       |       |     2 |     2 ||     4
Armor: Ring mail         |    34 |    43 |    80 |   118 ||   275
Dodge: Dodged            |    45 |    51 |   136 |   148 ||   380
